 Dungeon Crawl Stone Soup version 0.25.0-11-g1f837a76a1 (webtiles) character file.

Game seed: 2869962212578220078

12443 Harunobu the Basher (level 11, -12/72 HPs)
             Began as a Gargoyle Fighter on June 27, 2020.
             Was a High Priest of Okawaru.
             Engulfed by a cloud of flame (21 damage)
             ... in a volcano.
             The game lasted 00:24:44 (11864 turns).

Harunobu the Basher (Gargoyle Fighter)             Turns: 11864, Time: 00:24:45

Health: -12/72     AC: 24    Str: 21    XL:     11   Next: 93%
Magic:  11/11      EV: 21    Int:  9    God:    Okawaru [*****.]
Gold:   926        SH:  0    Dex: 17    Spells: 10/10 levels left

rFire    . . .     SeeInvis .   S - +4 great mace (vorpal)
rCold    . . .     Gourm    .   (shield currently unavailable)
rNeg     + + .     Faith    .   L - +1 plate armour {rPois}
rPois    ∞         Spirit   .   (no helmet)
rElec    +         Reflect  .   F - scarf {repulsion}
rCorr    .         Harm     .   (no gloves)
MR       .....                  J - +1 pair of boots
Stlth    ..........             r - amulet of the acrobat
HPRegen  0.22/turn              q - +6 ring of dexterity
MPRegen  0.12/turn              t - ring of positive energy

@: acrobat, repel missiles
A: negative energy resistance 1, electricity resistance, unbreathing,
petrification resistance, rot immunity, AC +8
a: Heroism, Finesse, Renounce Religion


You were in a volcano.
You worshipped Okawaru.
Okawaru was extremely pleased with you.
You were not hungry.

You visited 4 branches of the dungeon, and saw 14 of its levels.
You also visited: Volcano.

You collected 926 gold pieces.

Inventory:

Hand Weapons
 E - a +2 whip of freezing
 R - a +2 dire flail of holy wrath
 S - a +4 vorpal great mace (weapon)
Missiles
 a - 28 poisoned darts
 g - 5 curare-tipped darts
 o - 388 stones (quivered)
Armour
 c - a +0 kite shield
 F - a scarf of repulsion (worn)
 J - a +1 pair of boots (worn)
 L - a +1 plate armour of poison resistance (worn)
 M - a +0 pair of boots
Jewellery
 e - an uncursed ring of teleportation
 l - an uncursed amulet of regeneration
 q - a +6 ring of dexterity (left hand)
 r - an amulet of the acrobat (around neck)
 t - a ring of positive energy (right hand)
Wands
 j - a wand of enslavement (8)
 C - a wand of clouds (2)
 N - a wand of disintegration (7)
 U - a wand of digging (4)
 V - a wand of iceblast (4)
Scrolls
 b - 2 scrolls of noise
 i - a scroll of enchant weapon
 k - a scroll of fear
 m - 3 scrolls of immolation
 n - 9 scrolls of identify
 p - a scroll of fog
 s - 2 scrolls of amnesia
 v - a scroll of magic mapping {unknown}
 y - 5 scrolls of teleportation
 z - a scroll of blinking
 I - 4 scrolls of enchant armour
 O - 2 scrolls of remove curse
 P - a scroll of summoning {unknown}
 T - a scroll of holy word {unknown}
Potions
 d - a potion of might
 h - 2 potions of flight {unknown}
 u - 5 potions of heal wounds {unknown}
 w - 6 potions of curing
 x - 3 potions of resistance {unknown}
 A - 4 potions of stabbing
 B - a potion of lignification {unknown}
 D - 2 potions of mutation
 G - 2 potions of cancellation {unknown}
 H - a potion of berserk rage {unknown}
 K - a potion of haste {unknown}
Comestibles
 f - 27 rations


   Skills:
 * Level 9.9 Fighting
 * Level 12.7 Maces & Flails
 + Level 7.6 Armour
 - Level 10.0 Shields
 + Level 1.0 Invocations


You had 10 spell levels left.
You didn't know any spells.
Your spell library contained the following spells:

 Spells                   Type           Power        Failure   Level  Hunger
 Summon Small Mammal      Summ           #...         100%        1    ##.....
 Call Imp                 Summ           #.......     100%        2    ###....
 Passwall                 Tmut/Erth      #.......     100%        2    ###....
 Swiftness                Chrm/Air       #.......     100%        2    ###....
 Call Canine Familiar     Summ           #.......     100%        3    ####...
 Summon Guardian Golem    Hex/Summ       #.......     100%        3    ####...
 Passage of Golubria      Tloc           N/A          100%        4    #####..
 Summon Ice Beast         Ice/Summ       #.......     100%        4    #####..
 Summon Lightning Spire   Summ/Air       #.......     100%        4    #####..
 Lee's Rapid Deconstruct  Erth           #.........   100%        5    ######.
 Darkness                 Hex            #.........   100%        6    #######
 Invisibility             Hex            #.......     100%        6    #######


Dungeon Overview and Level Annotations

Branches:
Dungeon (9/15)             Temple (1/1) D:5            Lair (3/6) D:9
  Snake (1/4) Lair:2      Volcano (1/1)
  Swamp: Lair:2-4    Shoals: Lair:2-4       Orc: D:9-12

Altars:
Ashenzari
Dithmenos
Elyvilon
Fedhas
Hepliaklqana
Kikubaaqudgha
Makhleb
Nemelex Xobeh
Okawaru
Qazlal
Ru
Sif Muna
Trog
Uskayaw
Vehumet
Wu Jian
Xom
Yredelemnul
Zin

Shops:
D:6 [


Innate Abilities, Weirdness & Mutations

You are resistant to torment.
Your stone body is resilient. (AC +8)
You are immune to poison.
You resist negative energy. (rN+)
You are resistant to electric shocks. (rElec)
You can survive without breathing.
You are immune to petrification.
You are immune to rotting.


Message History

The lava snake barely misses you.
You sock the lava snake!
You kill the lava snake!
Okawaru accepts your kill.
You start resting.
The air gets thick with the scent of sulphur.
You start resting.
The volcano roars to life, belching forth lava!
You are engulfed in blazing flames.
* * * LOW HITPOINT WARNING * * *
The air gets thick with the scent of sulphur.
The volcano roars to life, belching forth lava!
You start resting.
The air gets thick with the scent of sulphur.
You start resting.
The volcano roars to life, belching forth lava!
You are engulfed in blazing flames.
* * * LOW HITPOINT WARNING * * *
You are engulfed in blazing flames.
You die...

≈≈≈§≈°≈≈..≈≈○≈.#
§§§°≈≈§.≈≈§≈§..######. §
§§§§..≈≈§§§≈§≈.#...... .
≈≈§§≈≈§≈§≈≈≈≈≈.###++## .
§§§≈§≈≈≈§≈≈≈§§.# .
§≈≈○≈≈≈≈≈≈≈≈≈≈.# .
§≈§§°≈≈≈≈≈≈≈≈≈.# .
≈§☼☼§≈≈≈≈≈≈≈≈≈○#################.
≈≈≈≈§≈≈≈§≈≈≈≈§.○@°☼○○°.........§≈
§≈≈≈≈≈≈°≈≈≈§§§§§§○○°§☼≈§..≈≈.§§§≈
§§≈≈≈≈§≈≈≈≈§§☼≈○○☼§§☼§≈§≈§≈§§≈§≈≈
≈≈≈§§§≈≈≈≈§≈≈≈☼○○☼§°°≈§§≈≈§§§≈≈≈≈
.≈≈§§≈§≈§§§§§§☼○○○°≈○○≈§§§§§§≈§§§
.≈≈≈§§≈≈§§§§≈○≈≈☼○☼§°☼≈≈§§§≈≈≈§≈≈
....≈§§≈§≈§☼○○○○°○§☼☼○≈≈§§≈≈≈§≈≈§
.....§§§≈§≈☼○≈☼§§☼○○○○≈≈≈≈≈≈§§≈§≈
.........≈≈≈§≈≈§§≈≈≈§§≈≈.≈§§§§§≈≈


There were no monsters in sight!

Vanquished Creatures
  2 hydras
  Pikel (D:5)
  6 elephants
  Maggie (D:7)
  5 spiny frogs
  A komodo dragon (D:9)
  3 blink frogs (Lair:2)
  3 hippogriffs
  Sigmund (D:2)
  A spriggan (D:9)
  2 fire bats (Volcano)
  4 yaks (D:9)
  An acid dragon (D:9)
  3 nagas (Lair:2)
  4 porcupines
  A black bear (D:9)
  2 orc warriors
  An ice beast (D:9)
  3 ogres
  A crocodile (Lair:2)
  3 centaurs
  A big kobold (D:8)
  10 bullfrogs
  A wyvern zombie (D:7)
  4 scorpions
  A water moccasin skeleton (D:8)
  5 howler monkeys
  2 crimson imps
  8 lava snakes (Volcano)
  3 jellies
  A quasit (D:8)
  3 orc priests
  A hound (D:5)
  2 centaur skeletons
  A bullfrog skeleton (D:6)
  9 orc wizards
  7 worker ants
  2 howler monkey zombies (D:9)
  A worker ant zombie (D:8)
  A howler monkey skeleton (D:4)
  8 gnolls (D:3)
  12 adders
  4 oozes
  An adder zombie (D:5)
  3 dart slugs
  5 leopard geckos
  23 orcs
  A ball python (D:2)
  3 giant cockroaches
  7 goblins
  7 hobgoblins
  2 jackals (D:6)
  12 kobolds
  2 quokkas (D:6)
  9 bats
  8 frilled lizards
  2 quokka zombies
  9 rats
230 creatures vanquished.

Vanquished Creatures (others)
  An adder (D:5)
  A worm (D:5)
  22 plants (D:9)
24 creatures vanquished.

Grand Total: 254 creatures vanquished

Notes
Turn   | Place    | Note
-------+----------+-------------------------------------------
     0 | D:1      | Harunobu the Gargoyle Fighter began the quest for the Orb.
     0 | D:1      | Reached XP level 1. HP: 14/14 MP: 1/1
    85 | D:1      | Reached XP level 2. HP: 12/19 MP: 2/2
   456 | D:1      | Reached XP level 3. HP: 24/24 MP: 3/3
  1096 | D:2      | Noticed Sigmund
  1147 | D:2      | Killed Sigmund
  1147 | D:2      | Reached skill level 4 in Maces & Flails
  1147 | D:2      | Reached XP level 4. HP: 29/29 MP: 4/4
  1147 | D:2      | Reached XP level 5. HP: 33/33 MP: 5/5
  1149 | D:2      | Found a faded altar of an unknown god.
  1198 | D:2      | Reached XP level 6. HP: 38/39 MP: 6/6
  1462 | D:2      | Found a glowing silver altar of Zin.
  2847 | D:3      | Reached skill level 5 in Maces & Flails
  3041 | D:4      | Reached XP level 7. HP: 44/44 MP: 7/7
  3213 | D:4      | Found a white marble altar of Elyvilon.
  3278 | D:4      | Found a shimmering altar of Xom.
  3404 | D:4      | Found a bloodstained altar of Trog.
  3874 | D:5      | Entered Level 5 of the Dungeon
  3914 | D:5      | Found a radiant altar of Vehumet.
  3942 | D:5      | Reached skill level 5 in Shields
  4011 | D:5      | Reached skill level 5 in Fighting
  4321 | D:5      | Noticed Pikel
  4398 | D:5      | Killed Pikel
  4398 | D:5      | Reached skill level 6 in Maces & Flails
  4398 | D:5      | Reached XP level 8. HP: 50/50 MP: 8/8
  4531 | D:5      | Found a staircase to the Ecumenical Temple.
  4539 | Temple   | Entered the Ecumenical Temple
  4574 | Temple   | Became a worshipper of Warmaster Okawaru
  4856 | D:5      | Reached skill level 5 in Armour
  5019 | D:5      | Reached skill level 7 in Maces & Flails
  5268 | D:6      | Noticed a hippogriff
  5330 | D:6      | Reached * piety under Okawaru
  5376 | D:6      | Killed a hippogriff
  5376 | D:6      | Reached skill level 8 in Maces & Flails
  5376 | D:6      | Reached XP level 9. HP: 41/55 MP: 6/9
  5431 | D:6      | Found an ornate altar of the Wu Jian Council.
  5541 | D:6      | Found a shadowy altar of Dithmenos.
  5645 | D:6      | Found Qeoh's Armour Emporium.
  6009 | D:7      | Found a sacrificial altar of Ru.
  6232 | D:7      | Noticed Maggie
  6272 | D:7      | Killed Maggie
  6367 | D:7      | Reached ** piety under Okawaru
  6386 | D:7      | Found a shimmering blue altar of Sif Muna.
  6556 | D:7      | Found a hazy altar of Hepliaklqana.
  6849 | D:8      | Reached skill level 9 in Maces & Flails
  7344 | D:8      | Reached XP level 10. HP: 56/63 MP: 7/10
  7353 | D:8      | Reached *** piety under Okawaru
  7764 | D:9      | Found a burning altar of Makhleb.
  7934 | D:9      | Reached skill level 10 in Maces & Flails
  8031 | D:9      | Reached **** piety under Okawaru
  8086 | D:9      | Found a staircase to the Lair.
  8468 | D:9      | Found a blossoming altar of Fedhas.
  8765 | Lair:1   | Entered Level 1 of the Lair of Beasts
  8824 | Lair:1   | Noticed a four-headed hydra
  8826 | Lair:1   | Noticed a spiny frog
  8853 | Lair:1   | Killed a four-headed hydra
  8856 | Lair:1   | Reached skill level 11 in Maces & Flails
  8864 | Lair:1   | Killed a spiny frog
  8864 | Lair:1   | Reached ***** piety under Okawaru
  9157 | Lair:1   | Reached XP level 11. HP: 69/69 MP: 11/11
 10004 | Lair:2   | Reached skill level 10 in Shields
 10063 | Lair:2   | Found a staircase to the Snake Pit.
 10627 | Snake:1  | Entered Level 1 of the Snake Pit
 10627 | Snake:1  | Noticed a naga sharpshooter
 10628 | Snake:1  | Noticed a naga sharpshooter
 10726 | Lair:2   | Reached skill level 12 in Maces & Flails
 10787 | Lair:3   | Received a gift from Okawaru
 10831 | Lair:3   | Noticed a six-headed hydra
 10840 | Lair:3   | Killed a six-headed hydra
 11115 | Lair:3   | Found a dark tunnel.
 11124 | Volcano  | Entered a volcano
 11513 | Volcano  | Reached skill level 1 in Invocations
 11864 | Volcano  | Engulfed by a cloud of flame

Illustrated notes

Levels and vault maps discovered:
D:1:      ncdulo_watergridlock, layout_basic
D:2:      layout_rooms, zin_statuary, chequers_ecumenical_altar_simple_redux,
          minmay_pentomino_v4, uniq_sigmund
D:3:      layout_loops_ring, minmay_liquid_box
D:4:      layout_gridville, bloody_trog, elyvilon_altar_3,
          nicolae_overflow_crystal_walls, first_ration, minmay_strange_pillars
D:5:      layout_basic, lemuel_crystal_altar, minmay_temple_entry_hall,
          uniq_pikel
D:6:      layout_rooms, kennysheep_mini_moat, old_standard_altar, serial_shops,
          shop_fountains
D:7:      layout_rooms, marbit_many_paths, lemuel_coloured_pillars_altar,
          lemuel_round_altar, uniq_maggie
D:8:      layout_basic
D:9:      layout_loops_ring, lemuel_round_altar, kennysheep_mini,
          david_lair_shrubbed, the_bakery
Temple:   cyrus_temple_forest
Lair:1:   layout_layer_cave, serial_rivers, chequers_serial_rivers_marsh,
          chequers_serial_rivers_micro_b, chequers_serial_rivers_room_b,
          chequers_serial_rivers_micro_b, chequers_serial_rivers_micro_e,
          lemuel_fruit_tree
Lair:2:   layout_loops_ring, minmay_snake_entry_guardpost_small, serial_rivers,
          chequers_serial_rivers_room_b, chequers_serial_rivers_room_b,
          chequers_serial_rivers_micro_e, chequers_serial_rivers_small_a,
          chequers_serial_rivers_large_a, chequers_serial_rivers_small_b
Lair:3:   layout_long_grid, lightli_volcano_entry_magma_tube,
          lemuel_fruit_fields, grunt_megastairs_2, serial_bayou_shore_a
Snake:1:  layout_chambers, serial_shops, shop
Volcano:  volcano_lake [vl_original]

Skill      XL: |  1  2  3  4  5  6  7  8  9 10 11 |
---------------+----------------------------------+-----
Fighting       | 4 5 6 7 8 9 |  9.9
Maces & Flails | 4 5 6 8 9 11 12 | 12.7
Shields        | 4 6 7 8 9 10 | 10.0
Armour         | 4 5 6 7 |  7.6
Invocations    | 1 |  1.0

Action                   |  1- 3 |  4- 6 |  7- 9 | 10-12 || total
-------------------------+-------+-------+-------+-------++-------
Melee: Flail             |   159 |    55 |       |       ||   214
       Whip              |       |   196 |   666 |   428 ||  1290
       Dire flail        |       |       |       |    61 ||    61
       Great mace        |       |       |       |    55 ||    55
Invok: Heroism           |       |       |     3 |     5 ||     8
  Use: Scroll            |       |     5 |     7 |     6 ||    18
  Eat: Chunk             |     1 |     6 |    15 |     6 ||    28
       Ration            |       |       |       |     3 ||     3
Armor: Scale mail        |    57 |       |       |       ||    57
       Plate armour      |   119 |   177 |   329 |   246 ||   871
Dodge: Dodged            |    44 |    52 |    95 |   126 ||   317
       Repelled          |       |       |     1 |     5 ||     6
Block: Kite shield       |   144 |   142 |   301 |   149 ||   736
